 Dungeon Crawl Stone Soup version 0.20.1-1-g8b1a95d (webtiles) character file.

422 OneorTwo the Cleaver (level 6, -7/57 HPs)
             Began as a Hill Orc Berserker on July 30, 2017.
             Was a Believer of Trog.
             Mangled by an ogre
             ... wielding a +0 giant club
              (18 damage)
             ... on level 4 of the Dungeon.
             The game lasted 00:10:01 (3887 turns).

OneorTwo the Cleaver (Hill Orc Berserker)           Turns: 3887, Time: 00:10:01

Health: -7/57      AC:  6    Str: 26    XL:     6   Next: 95%
Magic:  6/6        EV:  8    Int:  7    God:    Trog [**....]
Gold:   133        SH:  8    Dex: 13    Spells: 5/5 levels left

rFire    . . .     SeeInvis .   a - +0 hand axe
rCold    . . .     Gourm    .   k - +0 shield
rNeg     . . .     Faith    .   v - -1 ring mail (curse)
rPois    .         Spirit   .   (no helmet)
rElec    .         Reflect  .   (no cloak)
rCorr    .         Harm     .   C - +1 pair of gloves {Dex+3}
MR       .....                  (no boots)
Stlth    +.........             (no amulet)
Regen    0.2/turn               h - ring of flight
MPRegen  0.1/turn               t - +4 ring of strength

@: no status effects
A: no striking features
a: Berserk, Trog's Hand, Burn Spellbooks, Renounce Religion, Evoke Flight


You were on level 4 of the Dungeon.
You worshipped Trog.
Trog was pleased with you.
You were not hungry.

You visited 1 branch of the dungeon, and saw 5 of its levels.

You collected 133 gold pieces.

Inventory:

Hand Weapons
 a - a +0 hand axe (weapon)
Missiles
 d - 144 stones (quivered)
 f - 3 needles of confusion
Armour
 b - a +0 animal skin
 k - a +0 shield (worn)
 v - a cursed -1 ring mail (worn)
 C - a +1 pair of gloves of dexterity (worn)
Jewellery
 h - a ring of flight (left hand)
 t - a +4 ring of strength (right hand)
Wands
 B - a wand of flame (27/48)
Scrolls
 e - a scroll of recharging {unknown}
 i - 4 scrolls of fog {unknown}
 l - 3 scrolls of remove curse {unknown}
 p - a scroll of magic mapping {unknown}
 q - 2 scrolls of amnesia {unknown}
 r - 4 scrolls of identify {unknown}
 u - 2 scrolls of teleportation {unknown}
 w - 2 scrolls of fear {unknown}
 y - 3 scrolls of enchant armour {unknown}
Potions
 g - 4 potions of curing
 j - 3 potions of lignification {unknown}
 n - a potion of agility {unknown}
 o - 2 potions of heal wounds {unknown}
 s - a potion of flight {unknown}
 x - a potion of cancellation
 E - a potion of mutation {unknown}
Comestibles
 c - 2 bread rations
 m - 2 royal jellies
 z - 3 fruits
 A - a meat ration
 D - 2 chunks of flesh


   Skills:
 + Level 6.2 Fighting
 * Level 8.2 Axes
 - Level 2.1 Armour
 - Level 1.5 Dodging


You had 5 spell levels left.
You didn't know any spells.

Dungeon Overview and Level Annotations

Branches:
Dungeon (5/15)
 Temple: D:4-7

Altars:
Gozag
Qazlal
Zin


Message History

The ogre is severely wounded.
You barely miss the ogre.
The ogre is severely wounded.
The ogre closely misses you.
You hit the ogre but do no damage.
The ogre is severely wounded.
You block the ogre's attack.
You hit the ogre.
The ogre is severely wounded.
The ogre closely misses you.
Your shield prevents you from hitting the ogre.
The ogre is severely wounded.
You barely miss the ogre.
The ogre is severely wounded.
The ogre hits you with a giant club!!
* * * LOW HITPOINT WARNING * * *
You hit the ogre.
The ogre is almost dead.
The ogre hits you with a giant club!!
You die...

.'.........#......#..#..........
#.....รท...#......#..#..........
#..####'###......##.#..........
####..............#.##'##...... .
#..#..............'.....#......
..#..'..............#.....#......
..##+#..............#.##..#......
.......######......##+##+##......
.......+....#...@..# #......
.......#....'...O..# #......
.......##..##.[....#
#####'###..######....#
........#..# #....# ........'..#
+....# .########### ....# ....#


You could see an ogre.

Vanquished Creatures
  The ghost of trancid the Cudgeler, an amateur GrMo of Ru (D:4)
  The ghost of Nidhoragg the Grave Robber, an amateur HuNe of Yredelemnul (D:3)
  A hound (D:4)
  2 adders
  An ooze (D:3)
  2 worms
  A leopard gecko (D:1)
  An orc (D:3)
  2 giant cockroaches
  5 goblins
  10 hobgoblins
  16 jackals
  5 kobolds
  3 quokkas
  7 bats
  2 frilled lizards
  6 rats
66 creatures vanquished.

Notes
Turn   | Place    | Note
-------+----------+-------------------------------------------
     0 | D:1      | OneorTwo the Hill Orc Berserker began the quest for the Orb.
     0 | D:1      | Reached XP level 1. HP: 19/19 MP: 1/1
   140 | D:1      | HP: 1/20 [kobold/whip (4)]
   504 | D:1      | Reached XP level 2. HP: 25/27 MP: 2/2
   923 | D:1      | Reached XP level 3. HP: 25/33 MP: 3/3
  1157 | D:1      | Reached skill level 5 in Axes
  1402 | D:2      | Reached ** piety under Trog
  2083 | D:2      | Reached XP level 4. HP: 40/41 MP: 4/4
  2508 | D:3      | Found a glowing silver altar of Zin.
  2509 | D:3      | Found an opulent altar of Gozag.
  2628 | D:3      | Noticed Nidhoragg's ghost (amateur HuNe)
  2787 | D:3      | Killed Nidhoragg's ghost
  2787 | D:3      | Reached skill level 5 in Fighting
  2787 | D:3      | Reached skill level 6 in Axes
  2787 | D:3      | Reached XP level 5. HP: 40/48 MP: 5/5
  2845 | D:3      | Found a stormy altar of Qazlal.
  3014 | D:3      | Reached skill level 7 in Axes
  3791 | D:4      | Noticed trancid's ghost (amateur GrMo)
  3798 | D:4      | Reached XP level 6. HP: 57/57 MP: 6/6
  3814 | D:4      | Killed trancid's ghost
  3814 | D:4      | Reached skill level 8 in Axes
  3840 | D:5      | Entered Level 5 of the Dungeon
  3887 | D:4      | Mangled by an ogre

Skill      XL: |  1  2  3  4  5  6 |
---------------+-------------------+-----
Fighting       | 4 5 6 |  6.2
Axes           | 5 6 7 8 |  8.2
Armour         | |  2.1
Dodging        | |  1.5

Action                   |  1- 3 |  4- 6 || total
-------------------------+-------+-------++-------
Melee: Hand axe          |   135 |   132 ||   267
Invok: Berserk           |       |     3 ||     3
       Trog's Hand       |       |     2 ||     2
  Use: Potion            |       |     2 ||     2
 Stab: Sleeping          |     2 |       ||     2
  Eat: Chunk             |     3 |    10 ||    13
Armor: Animal skin       |    15 |       ||    15
       Ring mail         |    19 |    37 ||    56
Dodge: Dodged            |    60 |    40 ||   100
Block: Shield            |    49 |    40 ||    89
